 Dungeon Crawl Stone Soup version 0.24.0-35-gdb84b6a5db (webtiles) character file.

Game seed: 1504750566470472329, levelgen mode: deterministic

354 Delamore the Cleaver (level 6, 0/51 HPs)
             Began as a Hill Orc Fighter on Nov 18, 2019.
             Slain by Menkaure (16 damage)
             ... on level 5 of the Dungeon.
             The game lasted 00:04:44 (3598 turns).

Delamore the Cleaver (Hill Orc Fighter)             Turns: 3598, Time: 00:04:44

Health: 0/51       AC:  7    Str: 21    XL:     6   Next: 63%
Magic:  15/15      EV:  8    Int:  8    God:
Gold:   316        SH:  9    Dex: 10    Spells: 5/5 levels left

rFire    + . .     SeeInvis .   a - +0 war axe
rCold    . . .     Gourm    .   c - +0 shield
rNeg     . . .     Faith    .   y - +1 ring mail {rF+}
rPois    +         Spirit   .   n - +0 helmet
rElec    .         Reflect  .   (no cloak)
rCorr    .         Harm     .   (no gloves)
MR       .....                  (no boots)
Stlth    ..........             (no amulet)
HPRegen  0.17/turn              k - ring of poison resistance
MPRegen  0.14/turn              z - ring of magical power

@: no status effects
A: no striking features
a: Convert to Beogh


You were on level 5 of the Dungeon.
You were not hungry.

You visited 1 branch of the dungeon, and saw 5 of its levels.

You collected 316 gold pieces.

Inventory:

Hand Weapons
 a - a +0 war axe (weapon)
Missiles
 j - 10 poisoned darts (quivered)
Armour
 c - a +0 shield (worn)
 n - a +0 helmet (worn)
 y - a +1 ring mail of fire resistance (worn)
Jewellery
 k - a ring of poison resistance (left hand)
 z - a ring of magical power (right hand)
Wands
 x - a wand of random effects (14)
 A - a wand of scattershot (2)
Scrolls
 b - 2 scrolls of identify {unknown}
 g - a scroll of magic mapping {unknown}
 i - a scroll of immolation
 l - 2 scrolls of fear
 m - a scroll of blinking {unknown}
 o - a scroll of remove curse
 q - 3 scrolls of noise {unknown}
 r - a scroll of amnesia {unknown}
 s - 2 scrolls of enchant weapon {unknown}
 t - 2 scrolls of teleportation {unknown}
Potions
 d - a potion of might
 e - 4 potions of curing {unknown}
 h - a potion of heal wounds {unknown}
 p - 2 potions of mutation {unknown}
 u - a potion of degeneration {unknown}
 v - 2 potions of haste {unknown}
 w - a potion of magic {unknown}
Comestibles
 f - 7 rations


   Skills:
 - Level 3.6 Fighting
 + Level 9.0 Axes
 - Level 3.2 Armour
 - Level 3.2 Shields


You had 5 spell levels left.
You didn't know any spells.
Your spell library was empty.

Dungeon Overview and Level Annotations

Branches:
Dungeon (5/15)
 Temple: D:4-7

Altars:
Ashenzari
Cheibriados
Dithmenos
Hepliaklqana
Nemelex Xobeh
Ru
Uskayaw
Vehumet

Annotations:
D:4 1 runed translucent door, FishyPogo's ghost, novice DsTm
D:5 Menkaure


Message History

Beogh smites you!
An iguana comes into view.
Menkaure hits you!!
* * * LOW HITPOINT WARNING * * *
The orc priest shouts, "Beogh is our master!
Accept the truth or die!"
The iguana hisses angrily.
You hit Menkaure but do no damage.
Menkaure is moderately damaged.
You hit the orc.
You kill the orc!
You closely miss the orc. The orc hits you but does no damage.
You hit Menkaure.
Menkaure is moderately damaged.
You hit the orc.
You kill the orc!
Menkaure hits you but does no damage. The orc hits you but does no damage.
You hit Menkaure.
Menkaure is heavily damaged.
The orc barely misses you. Menkaure hits you!
You die...

#..# #. #.#
#..# #.#####
#.# ....
#.#...## #.#
#..##
.###......###.#
#...
?.............#
##..
..........###.#
..........###.#
###........#.#
#.##@###.#.# ..
#ZM)# .#.# ##
...o..# #.#
#..o.?.... .#
.......l...#
###.........#
...........
#..##...##...


You could see Menkaure, an iguana, an orc priest, an orc and an adder zombie.

Vanquished Creatures
  A hound (D:4)
  A centaur skeleton (D:5)
  Ijyb (D:3)
  3 worker ants (D:4)
  A worker ant zombie (D:4)
  8 adders
  2 oozes
  2 adder zombies (D:1)
  A worm (D:2)
  4 dart slugs
  3 leopard geckos
  5 orcs
  A ball python (D:1)
  8 giant cockroaches
  14 goblins
  4 hobgoblins
  3 jackals (D:3)
  3 quokkas
  5 bats
  3 frilled lizards
  6 kobolds
  8 rats
87 creatures vanquished.

Notes
Turn   | Place    | Note
-------+----------+-------------------------------------------
     0 | D:1      | Delamore the Hill Orc Fighter began the quest for the Orb.
     0 | D:1      | Reached XP level 1. HP: 19/19 MP: 1/1
    16 | D:1      | Reached skill level 3 in Axes
    34 | D:1      | Reached XP level 2. HP: 25/26 MP: 2/2
   159 | D:1      | Reached skill level 4 in Axes
   231 | D:1      | Reached XP level 3. HP: 22/31 MP: 3/3
   672 | D:1      | Reached skill level 5 in Axes
  1289 | D:2      | Found a shadowy altar of Dithmenos.
  1305 | D:2      | Reached XP level 4. HP: 30/39 MP: 4/4
  1414 | D:2      | Reached skill level 6 in Axes
  1567 | D:2      | Found a radiant altar of Vehumet.
  1623 | D:2      | Found a hide-covered altar of Uskayaw.
  2117 | D:3      | Reached XP level 5. HP: 45/45 MP: 5/5
  2379 | D:3      | Found a sacrificial altar of Ru.
  2417 | D:3      | Reached skill level 7 in Axes
  2660 | D:3      | Noticed Ijyb
  2671 | D:3      | Killed Ijyb
  3037 | D:4      | Found a faded altar of an unknown god.
  3037 | D:4      | Found a faded altar of an unknown god.
  3042 | D:4      | Found a sparkling altar of Nemelex Xobeh.
  3044 | D:4      | Found a shattered altar of Ashenzari.
  3046 | D:4      | Found a snail-covered altar of Cheibriados.
  3080 | D:4      | Reached skill level 8 in Axes
  3115 | D:4      | Reached XP level 6. HP: 51/51 MP: 6/6
  3288 | D:4      | Found a runed translucent door.
  3303 | D:4      | Noticed FishyPogo's ghost (novice DsTm)
  3360 | D:4      | Found a hazy altar of Hepliaklqana.
  3533 | D:5      | Entered Level 5 of the Dungeon
  3554 | D:5      | Reached skill level 9 in Axes
  3592 | D:5      | Noticed Menkaure
  3598 | D:5      | Slain by Menkaure

Levels and vault maps discovered:
D:1:      saegor_arrival_fortress, layout_basic, minmay_misc_feat_tiny
D:2:      layout_rooms, lemuel_doored_altar, vehumet_crystals, serial_aquarium,
          aquarium_bridge_square [aquarium_subvault_bridge,
          aquarium_subvault_bridge, aquarium_subvault_balcony,
          aquarium_subvault_wall], aquarium_window_1, aquarium_window_fake,
          aquarium_window_3, aquarium_window_corner, aquarium_view_2d,
          aquarium_view_2d, aquarium_balcony_3a, aquarium_pool_corner,
          nicolae_dithmenos_shadow_blocks
D:3:      kennysheep_goblin_castle, layout_basic, lemuel_crystal_altar,
          first_ration
D:4:      layout_rooms, kennysheep_mini, chequers_temple_overflow_minitemple,
          ebering_ghost_inner_flame, corexii_leaking_fountain
D:5:      layout_loops_ring, nrook_loot_triangle, item_on_display_a,
          uniq_menkaure

Skill      XL: |  1  2  3  4  5  6 |
---------------+-------------------+-----
Axes           | 3 4 5 6 8 9 |  9.0
Fighting       | |  3.6
Armour         | |  3.2
Shields        | |  3.2

Action                   |  1- 3 |  4- 6 || total
-------------------------+-------+-------++-------
Melee: War axe           |    91 |   210 ||   301
Throw: Dart              |       |    11 ||    11
  Use: Scroll            |       |     3 ||     3
  Eat: Chunk             |       |     9 ||     9
Armor: Scale mail        |    47 |       ||    47
       Chain mail        |       |    81 ||    81
       Ring mail         |       |    20 ||    20
Dodge: Dodged            |    23 |    43 ||    66
Block: Shield            |    49 |   109 ||   158
